 Dungeon Crawl Stone Soup version 0.16-a0-1120-gd281f79 (webtiles) character file.

134 JacquesDerrida the Cudgeler (level 4, 0/36 HPs)
             Began as a Demigod Skald on Oct 6, 2014.
             Slain by an orc
             ... wielding a +0 flail
              (5 damage)
             ... on level 4 of the Dungeon.
             The game lasted 00:09:24 (2500 turns).

JacquesDerrida the Cudgeler (Demigod Skald)         Turns: 2500, Time: 00:09:24

Health: 0/36       AC:  4    Str: 15    XL:     4   Next: 64%
Magic:  3/9        EV: 11    Int: 16    God:
Gold:   174        SH:  0    Dex: 17    Spells: 2 memorised, 2 levels left

rFire  . . .     SeeInvis .     a - +0 mace
rCold  + . .     Clarity  .     b - +0 leather armour
rNeg   . . .     SustAb   .     (no shield)
rPois  .         Gourm    .     e - +0 helmet
rElec  .         Spirit   .     (no cloak)
rCorr  .         Warding  .     (no gloves)
rMut   .         Stasis   .     (no boots)
MR     .....                    (no amulet)
Stlth  +.........               l - ring of teleport control
                                g - ring of protection from cold

@: confused, very slightly contaminated, not resistant to hostile enchantments,
very unstealthy
A: no striking features
a: Evoke Teleport Control


You were on level 4 of the Dungeon.
You were not hungry.

You visited 1 branch of the dungeon, and saw 4 of its levels.

You collected 174 gold pieces.

Inventory:

Hand weapons
 a - a +0 mace (weapon)
Armour
 b - a +0 leather armour (worn)
 e - a +0 helmet (worn)
Magical devices
 n - a wand of confusion (23)
Comestibles
 d - a bread ration
 o - a beef jerky
Scrolls
 h - a scroll of enchant weapon {unknown}
 j - 2 scrolls of remove curse
 k - a scroll of recharging {unknown}
 m - a scroll of identify {unknown}
 r - a scroll of immolation {unknown}
Jewellery
 g - a ring of protection from cold (left hand)
 l - a ring of teleport control (right hand)
Potions
 i - a potion of porridge
Books
 c - a book of Battle

   Spells                             Type                      Level
   *Infusion                          Charms                       1
   Shroud of Golubria                 Charms/Translocation         2
   Song of Slaying                    Charms                       2
   *Spectral Weapon                   Hexes/Charms                 3
   Regeneration                       Charms/Necromancy            3


   Skills:
 - Level 1.7 Fighting
 + Level 4.4 Maces & Flails
 - Level 0.8 Armour
 - Level 0.8 Dodging
 - Level 1.7 Spellcasting
 + Level 1.1 Hexes
 - Level 2.6 Charms


You had 2 spell levels left.
You knew the following spells:

 Your Spells              Type           Power        Failure   Level  Hunger
a - Infusion              Chrm           ##....       10%         1    ##.....
b - Spectral Weapon       Hex/Chrm       #.......     34%         3    ####...


Dungeon Overview and Level Annotations

Branches:
Dungeon (4/15)
 Temple: D:4-7


Message History

You are very lightly contaminated with residual magic.
The orc hits you with a flail.
* * * LOW HITPOINT WARNING * * *
Casting: Spectral Weapon
Confirm with . or Enter, or press ? or * to list all spells.
You miscast Spectral Weapon.
You feel a strange surge of energy! The orc barely misses you.
Unknown command.
Drink which item? (? for menu, Esc to quit)
You are confused.
It was a potion of confusion.
The orc hits you with a hand axe.
* * * LOW HITPOINT WARNING * * *
The orc wizard points at you and mumbles some strange words.
The puff of frost hits you! You resist.
* * * LOW HITPOINT WARNING * * *
Unknown command.
Unknown command.
You barely miss the orc. The orc barely misses you.
The orc wizard closely misses you. The orc hits you with a flail.
You die...

#..........##.##..
..#........#..##.##..
......... #..#.###.. .
#......# #......... ...
..... ##...##... #...#
#... #..###... #...#
#..# #..#.#...
#...##o.#######....#....
#...oS@...........#...#
#....oo................
#...####................
#.. ##....######.....
... #..### ###..... ...
##..# ###....... #
#######<.###.........
................###..
.............#### ##.


You could see an orc wizard, an adder and 3 orcs.

Vanquished Creatures
  A worker ant (D:4)
  3 adders (D:2)
  A shadow imp (D:4)
  3 worms
  4 giant geckos
  3 oozes
  2 bats
  7 hobgoblins
  3 jackals (D:2)
  8 kobolds
  A quokka (D:2)
  3 giant cockroaches
  5 giant newts
  5 goblins
  A goblin skeleton (D:4)
  9 rats
59 creatures vanquished.

Notes
Turn   | Place    | Note
--------------------------------------------------------------
     0 | D:1      | JacquesDerrida, the Demigod Skald, began the quest for the Orb.
     0 | D:1      | Reached XP level 1. HP: 17/17 MP: 3/3
   287 | D:1      | Found a shattered altar of Ashenzari.
   415 | D:2      | Reached XP level 2. HP: 24/24 MP: 1/4
   490 | D:2      | Reached skill level 3 in Maces & Flails
   505 | D:2      | Found a burning altar of Makhleb.
   528 | D:2      | Found a stormy altar of Qazlal.
   735 | D:2      | Reached XP level 3. HP: 26/29 MP: 7/7
   745 | D:2      | Learned a level 3 spell: Spectral Weapon
   904 | D:2      | HP: 1/29 [worm (6)]
  1413 | D:3      | Reached skill level 4 in Maces & Flails
  1682 | D:3      | Reached XP level 4. HP: 23/36 MP: 0/9
  2290 | D:4      | Reached skill level 1 in Hexes
  2500 | D:4      | Slain by an orc

Action                   |  1- 3 |  4- 6 || total
-------------------------+-------+-------++-------
Melee: Mace              |   127 |    54 ||   181
 Cast: Infusion          |    11 |     1 ||    12
       Spectral Weapon   |     5 |     6 ||    11
  Use: Scroll            |     3 |       ||     3
       Potion            |       |     1 ||     1
 Stab: Distracted        |     1 |     1 ||     2
  Eat: Chunk             |     4 |     4 ||     8
